 Dungeon Crawl Stone Soup version 0.31-a0-1424-g2add1c7226 (webtiles) character file.

Game seed: 4139179351741810907

232 Curundu the Poker (level 5, -7/47 HPs)
             Began as a Minotaur Berserker on Dec 26, 2023.
             Was a Priest of Trog.
             Killed by divine providence
             ... invoked by an orc priest
              (11 damage)
             ... on level 4 of the Dungeon.
             The game lasted 00:07:21 (2373 turns).

Curundu the Poker (Minotaur Berserker)              Turns: 2373, Time: 00:07:22

Health: -7/47      AC:  6    Str: 24    XL:     5   Next: 73%
Magic:  4/4        EV: 11    Int:  4    God:    Trog [***...]
Gold:   142        SH:  0    Dex:  9    Spells: 4/4 levels left

rFire   . . .        a - +0 spear
rCold   . . .        q - orb {guile}
rNeg    . . .        e - +0 ring mail
rPois   .            (helmet restricted)
rElec   .            m - +0 cloak
rCorr   .            (no gloves)
SInv    .            (no boots)
Will    .....        (no amulet) Stlth
                     (no ring)
HPRegen 0.27/turn    (no ring)
MPRegen 0.09/turn

%: no passive effects
@: no status effects
A: horns 2, retaliatory headbutt
a: Renounce Religion, Berserk, Trog's Hand


You were on level 4 of the Dungeon.
You worshipped Trog.
Trog was most pleased with you.
You visited 1 branch of the dungeon, and saw 4 of its levels.

You collected 142 gold pieces.

Inventory:

Hand Weapons
 a - a +0 spear (weapon)
Armour
 e - a +0 ring mail (worn)
 m - a +0 cloak (worn)
 q - an orb of guile (worn)
Scrolls
 c - 2 scrolls of teleportation {unknown}
 f - a scroll of amnesia {unknown}
 g - 9 scrolls of identify {unknown}
 h - 2 scrolls of revelation {unknown}
 j - a scroll of noise {unknown}
 k - a scroll of brand weapon {unknown}
 l - a scroll of enchant weapon {unknown}
 s - a scroll of blinking {unknown}
Potions
 b - 2 potions of cancellation {unknown}
 d - a potion of resistance {unknown}
 i - 2 potions of magic {unknown}
 n - a potion of mutation {unknown}
 o - a potion of heal wounds {unknown}
 p - a potion of haste {unknown}
 r - a potion of attraction {unknown}


   Skills:
 + Level 4.6 Fighting
 + Level 6.0 Polearms
 + Level 3.3 Armour
 + Level 3.6 Dodging
 + Level 0.1 Stealth


You had 4 spell levels left.
You didn't know any spells.
Your spell library was empty.

Dungeon Overview and Level Annotations

Branches:
Dungeon (4/15)
 Temple: D:4-7

Altars:
Dithmenos
Makhleb
Zin


Innate Abilities, Weirdness & Mutations

You have a pair of horns on your head.
You reflexively headbutt those who attack you in melee.


Message History

Trog accepts your kill.
You hit the orc priest but do no damage.
The orc priest is lightly wounded.
The orc priest hits you with a +1 falchion of flaming.
The orc priest burns you.
An orc priest comes into view. It is wielding a +0 short sword.
The orc priest shouts!
You hit the orc priest.
The orc priest is moderately wounded.
The orc priest calls down the wrath of Beogh upon you.
Beogh smites you!
You barely miss the orc priest.
The orc priest is moderately wounded.
The orc priest closely misses you.
You hit the orc priest.
The orc priest is heavily wounded.
The orc priest barely misses you. You furiously retaliate!
You headbutt the orc priest!
You kill the orc priest!
Trog accepts your kill.
Your Polearms skill increases to level 6!
The adder closely misses you.
You barely miss the adder. The adder closely misses you.
The orc priest mumbles some strange prayers to Beogh against you.
Beogh smites you!
* * * LOW HITPOINT WARNING * * *
The adder bites you.
* * * LOW HITPOINT WARNING * * *
You puncture the adder!
The adder is severely wounded.
Something hits you.
* * * LOW HITPOINT WARNING * * *
The adder barely misses you. You furiously retaliate!
You headbutt the adder.
You kill the adder!
Trog accepts your kill. Something hits you.
* * * LOW HITPOINT WARNING * * *
The orc priest invokes the aid of Beogh against you.
Beogh smites you!
You die...

#################.
#..............##.
#.############.# . #.#
#..........# # #.#
#.########.### #.# #.#
#.... #.# #.# #.###
#####.###†########..).
#....@...o.o....######
#.###.###.#####.# #...
..# #..##### ## #..#
.. #..# ## #..# #..#


You could see an orc priest and an orc.

Vanquished Creatures
  A bombardier beetle (D:3)
  A hound (D:4)
  An orc priest (D:4)
  4 adders
  2 worms (D:2)
  3 dart slugs
  3 orcs
  5 ball pythons
  4 bats
  12 endoplasms
  4 giant cockroaches
  10 goblins
  10 hobgoblins
  7 quokkas
  2 frilled lizards
  9 kobolds
  5 rats
83 creatures vanquished.

Notes
Turn   | Place    | Note
-------+----------+-------------------------------------------
     0 | D:1      | Curundu the Minotaur Berserker began the quest for the Orb.
     0 | D:1      | Reached XP level 1. HP: 19/19 MP: 0/0
    93 | D:1      | Reached XP level 2. HP: 27/27 MP: 1/1
   119 | D:1      | Reached skill level 4 in Polearms
   648 | D:1      | Reached XP level 3. HP: 29/33 MP: 2/2
   648 | D:1      | Reached ** piety under Trog
  1444 | D:3      | Reached XP level 4. HP: 39/41 MP: 3/3
  1588 | D:3      | Found a burning altar of Makhleb.
  1594 | D:3      | Found a glowing silver altar of Zin.
  1594 | D:3      | Noticed a blizzard demon
  1594 | D:3      | Noticed an angel
  1812 | D:3      | Reached skill level 5 in Polearms
  1831 | D:3      | Reached XP level 5. HP: 44/47 MP: 4/4
  1913 | D:3      | Found a shadowy altar of Dithmenos.
  2034 | D:4      | Reached *** piety under Trog
  2367 | D:4      | Reached skill level 6 in Polearms
  2373 | D:4      | Killed from afar by an orc priest

Illustrated notes

Levels and vault maps discovered:
D:1:      tarquinn_simple_flora_water_e, layout_basic, reono_crystal_passage
D:2:      layout_basic
D:3:      layout_loops_ring, lemuel_coloured_pillars_altar,
          grunt_temple_overflow_order_and_chaos_2
D:4:      layout_loops_ring

Skill      XL: |  1  2  3  4  5 |
---------------+----------------+-----
Fighting       | 4 |  4.6
Polearms       | 4 5 6 |  6.0
Armour         | 3 |  3.3
Dodging        | 3 |  3.6
Stealth        | |  0.1

Action                     |  1- 3 |  4- 6 || total
---------------------------+-------+-------++-------
  Melee: Spear             |    98 |    76 ||   174
         Headbutt          |    19 |     6 ||    25
         Punch             |     1 |       ||     1
 Armour: Animal skin       |    17 |       ||    17
         Ring mail         |    33 |    40 ||    73
  Dodge: Dodged            |    54 |    44 ||    98

Table legend: (Time is in decaauts)
 A = Elapsed time spent in this place.
 B = Non-inter-level travel time spent in this place.
 C = Inter-level travel time spent in this place.
 D = Time resting spent in this place.
 E = Time spent auto-exploring this place.
 F = Levels seen in this place.
 G = Mean time per level.
                   A        B        C        D        E       F      G
               +--------+--------+--------+--------+--------+-----+--------+
         Total |   2349 |   2349 |      0 |      0 |   1683 |   4 |  587.2 |
       Dungeon |   2349 |   2349 |      0 |      0 |   1683 |   4 |  587.2 |
               +--------+--------+--------+--------+--------+-----+--------+

Top non-repeatable levels by time:
     D:1: 787 daAuts
     D:3: 687 daAuts
     D:2: 537 daAuts
     D:4: 337 daAuts
